 Dungeon Crawl Stone Soup version 0.21.1-1-g345015fe64 (webtiles) character file.

4575 Evaline the Nimble (level 10, -10/71 HPs)
             Began as a Vampire Assassin on June 9, 2018.
             Was an Initiate of Dithmenos.
             Shot with a sling bullet by Joseph (16 damage)
             ... on level 9 of the Dungeon on June 10, 2018.
             The game lasted 02:17:23 (12012 turns).

Evaline the Nimble (Vampire Assassin)              Turns: 12012, Time: 02:17:24

Health: -10/71     AC:  0    Str: 10    XL:     10   Next: 18%
Magic:  0/10       EV: 32    Int: 15    God:    Dithmenos [......]
Gold:   439        SH:  0    Dex: 23    Spells: 9/9 levels left

rFire    . . .     SeeInvis +   (weapon currently unavailable)
rCold    + . .     Gourm    .   (shield currently unavailable)
rNeg     + + .     Faith    .   (armour currently unavailable)
rPois    +         Spirit   +   (helmet currently unavailable)
rElec    .         Reflect  .   (cloak currently unavailable)
rCorr    .         Harm     .   (gloves currently unavailable)
MR       +....                  (boots currently unavailable)
Stlth    +++++++...             O - amulet of guardian spirit
HPRegen  0.10/turn              (ring currently unavailable)
MPRegen  0.12/turn              (ring currently unavailable)

@: bat-form, flying, regenerating slowly, heavily drained, very quick
A: tiny, fangs 3, see invisible
a: End Transformation, Renounce Religion


You were on level 9 of the Dungeon.
You worshipped Dithmenos.
Dithmenos was noncommittal.
You were very thirsty.
You were in vampire-bat-form.
You visited 2 branches of the dungeon, and saw 10 of its levels.
You also visited: Ossuary.

You collected 439 gold pieces.

Inventory:

Hand Weapons
 a - a +2 dagger of venom
 b - a +0 hunting sling
 n - a +0 blowgun
 x - a +0 falchion
 K - a +0 trident
 M - a +2 dagger
 N - a cursed -1 whip (melded)
Missiles
 c - 4 needles of confusion
 e - 40 poisoned needles
 f - 2 curare-tipped needles
 o - 155 stones (quivered)
 r - 5 tomahawks
 t - 21 sling bullets
 S - 2 needles of sleeping
Armour
 u - a +0 cloak (melded)
 F - a +0 pair of gloves (melded)
 L - a +1 leather armour of fire resistance (melded)
Jewellery
 s - an uncursed ring of protection from fire
 v - an uncursed amulet of harm
 A - an uncursed ring of resist corrosion
 B - a +6 ring of evasion (melded)
 O - an amulet of guardian spirit (around neck)
 T - a +3 ring of protection (melded)
Wands
 y - a wand of disintegration (13)
 D - a wand of acid (5)
 Q - a wand of iceblast (6)
 W - a wand of paralysis (13)
Scrolls
 d - a scroll of noise {unknown}
 g - a scroll of torment {unknown}
 i - 6 scrolls of teleportation
 j - a scroll of identify
 q - a scroll of fog {unknown}
 w - 3 scrolls of random uselessness {unknown}
 z - a scroll of amnesia {unknown}
 C - 2 scrolls of enchant weapon {unknown}
 I - 2 scrolls of enchant armour {unknown}
 J - 3 scrolls of blinking {unknown}
 U - a scroll of silence {unknown}
Potions
 h - a potion of brilliance
 k - 4 potions of lignification
 l - 3 potions of flight
 m - 2 potions of heal wounds
 p - 2 potions of haste
 E - a potion of might
 G - 3 potions of curing
 H - a potion of mutation
 P - a potion of ambrosia {unknown}
 R - 2 potions of agility {unknown}
 V - a potion of berserk rage {unknown}


   Skills:
 - Level 4.0(2.5) Fighting
 * Level 11.5(9.7) Short Blades
 + Level 3.0(1.6) Throwing
 + Level 12.5(10.7) Dodging
 - Level 12.0(10.2) Stealth


You had 9 spell levels left.
You didn't know any spells.

Dungeon Overview and Level Annotations

Branches:
Dungeon (9/15)             Temple (1/1) D:6
   Lair: D:8-11         Orc: D:9-12

Altars:
Ashenzari
Cheibriados
Dithmenos
Elyvilon
Fedhas
Gozag
Hepliaklqana
Kikubaaqudgha
Nemelex Xobeh
Okawaru
Qazlal
Ru
Sif Muna
Trog
Uskayaw
Vehumet
Wu Jian
Xom
Yredelemnul
Zin
The Shining One

Shops:
D:4 =}[

Annotations:
D:5 Sigmund
D:6 exclusion: ogre, Prince Ribbit
D:8 BusterCherry's ghost, novice HOFi
D:9 Joseph


Innate Abilities, Weirdness & Mutations

You heal slowly.
You have razor-sharp teeth.
You have supernaturally acute eyesight. (SInv)
((You can survive without breathing.))


Message History

Joseph shouts!
Joseph unwields an uncursed quarterstaff of crushing.
Joseph wields a hunting sling.
Joseph shoots a sling bullet.
The sling bullet hits you!!
You see here a sling bullet.
Press: ? - help, v - describe, . - travel
Here: Joseph, wielding a hunting sling and wearing a shiny ring mail The floor.
You turn into a vampire bat.
Your cursed -1 whip melds into your body.
Your +0 cloak melds into your body.
Your +0 pair of gloves melds into your body.
Your +1 leather armour of fire resistance melds into your body.
Your +3 ring of protection melds into your body.
Your +6 ring of evasion melds into your body.
You feel less resistant to fire.
Joseph shoots a sling bullet.
The sling bullet hits you!!
* * * LOW HITPOINT WARNING * * *
Joseph shoots a sling bullet.
The sling bullet hits you!
You die...

.....................#
...........#.........#.
...........#...........
...................... ....
#................... ........
#.....<............. .......#
#...................
.......###...................
.......+........b(..........#
.......#.........(..........#
............................#
......................#......
......................#...##
......##..............# ..#
......##...####.......#
......##...# #......@#
####.......# #.......#


You could see Joseph.

Vanquished Creatures
  An ice beast (D:3)
  A necrophage (D:8)
  A sky beast (D:4)
  A phantom (D:5)
  An ogre (D:4)
  A centaur (D:5)
  3 bullfrogs
  Blork the orc (D:5)
  The ghost of crazyass the Skirmisher, a weakling FoWn (D:4)
  2 human zombies (Ossuary)
  A bullfrog skeleton (D:6)
  4 orc wizards
  A worker ant (D:4)
  A big kobold zombie (Ossuary)
  A hound zombie (Ossuary)
  A hound skeleton (D:5)
  4 mummies (Ossuary)
  5 adders
  6 shadow imps
  An ooze (D:2)
  An adder zombie (D:6)
  2 adder skeletons
  2 worms
  2 dart slugs
  6 leopard geckos
  32 orcs
  3 giant cockroaches
  A gnoll zombie (Ossuary)
  4 goblins
  4 hobgoblins (D:1)
  3 jackals
  6 kobolds
  2 quokkas (D:4)
  10 bats
  3 frilled lizards
  A goblin zombie (Ossuary)
  A hobgoblin zombie (Ossuary)
  A kobold zombie (Ossuary)
  A leopard gecko skeleton (D:4)
  A leopard gecko zombie (D:6)
  An orc zombie (Ossuary)
  A quokka skeleton (D:6)
  A quokka zombie (D:4)
  7 rats
  3 rat zombies
137 creatures vanquished.

Vanquished Creatures (others)
  A jackal zombie (Ossuary)
1 creature vanquished.

Grand Total: 138 creatures vanquished

Notes
Turn   | Place    | Note
-------+----------+-------------------------------------------
     0 | D:1      | Evaline the Vampire Assassin began the quest for the Orb.
     0 | D:1      | Reached XP level 1. HP: 16/16 MP: 1/1
   219 | D:1      | Reached XP level 2. HP: 21/22 MP: 2/2
   691 | D:2      | Reached XP level 3. HP: 16/27 MP: 3/3
  1671 | D:2      | Reached XP level 4. HP: 17/33 MP: 4/4
  2196 | D:3      | Found an ancient bone altar of Kikubaaqudgha.
  2294 | D:4      | Found Aplikid's Gadget Shoppe.
  2416 | D:4      | Noticed an ogre
  2461 | D:4      | Noticed crazyass's ghost (weakling FoWn)
  2504 | D:4      | Found Jiynimaede's Jewellery Shoppe.
  2526 | D:4      | Found Wofijoing's Antique Armour Boutique.
  2620 | D:4      | Found a sand-covered staircase.
  2627 | Ossuary  | Entered an ossuary
  3076 | Ossuary  | Reached XP level 5. HP: 21/39 MP: 5/5
  4125 | D:4      | Reached XP level 6. HP: 36/47 MP: 6/6
  4259 | D:4      | Killed crazyass's ghost
  4297 | D:5      | Entered Level 5 of the Dungeon
  4299 | D:5      | Noticed a sky beast
  4515 | D:5      | Noticed Blork the orc
  4542 | D:5      | Noticed Sigmund
  5372 | D:5      | Killed Blork the orc
  5420 | D:5      | Reached XP level 7. HP: 44/54 MP: 7/7
  5833 | D:4      | Reached skill level 5 in Short Blades
  6537 | D:3      | Found a hazy altar of Hepliaklqana.
  7245 | D:6      | Reached XP level 8. HP: 60/60 MP: 8/8
  7268 | D:6      | Found a staircase to the Ecumenical Temple.
  7277 | Temple   | Entered the Ecumenical Temple
  7314 | Temple   | Became a worshipper of Dithmenos the Shadowed
  7477 | D:6      | Found a shimmering altar of Xom.
  7755 | D:6      | Noticed Prince Ribbit
  8662 | D:6      | Reached skill level 5 in Dodging
  9304 | D:5      | Reached skill level 10 in Dodging
  9304 | D:5      | Reached XP level 9. HP: 31/65 MP: 0/9
  9305 | D:5      | Reached XP level 10. HP: 34/71 MP: 0/10
 11001 | D:7      | Found a glowing golden altar of the Shining One.
 11408 | D:8      | Found a radiant altar of Vehumet.
 11411 | D:8      | Noticed a two-headed ogre
 11471 | D:8      | Noticed a two-headed ogre
 11600 | D:8      | Noticed BusterCherry's ghost (novice HOFi)
 12009 | D:9      | Noticed Joseph
 12012 | D:9      | Shot with a sling bullet by Joseph

Skill      XL: |  1  2  3  4  5  6  7  8  9 |
---------------+----------------------------+-----
Stealth        | 6 7 8 12 | 12.0
Fighting       | 2 3 4 |  4.0
Dodging        | 2 3 4 10 12 | 12.5
Short Blades   | 3 4 6 9 11 | 11.5
Throwing       | 2 3 |  3.0

Action                   |  1- 3 |  4- 6 |  7- 9 | 10-12 || total
-------------------------+-------+-------+-------+-------++-------
Melee: Dagger            |   114 |   198 |   103 |       ||   415
       Bite              |     4 |    27 |    35 |    42 ||   108
       Unarmed           |       |     1 |       |    24 ||    25
       Whip              |       |       |   178 |   214 ||   392
 Fire: Hunting sling     |       |   125 |    12 |       ||   137
Throw: Stone             |       |       |     8 |    19 ||    27
 Abil: Bat Form          |     1 |    14 |     8 |     9 ||    32
       End Transformatio |     1 |    14 |     8 |     8 ||    31
  Use: Scroll            |     5 |     6 |     1 |     1 ||    13
       Potion            |     1 |     6 |     9 |     4 ||    20
 Stab: Sleeping          |    15 |    15 |     8 |     2 ||    40
       Distracted        |       |       |       |     1 ||     1
  Eat: Corpse            |       |     1 |     1 |     1 ||     3
Armor: Robe              |    11 |       |       |       ||    11
       Leather armour    |     4 |    35 |    34 |    28 ||   101
Dodge: Dodged            |    39 |   116 |   214 |   264 ||   633
